 Dungeon Crawl Stone Soup version 0.21.1-1-g345015f (webtiles) character file.

46 zishaf the Charmwright (level 3, -3/30 HPs)
             Began as a Draconian Skald on May 7, 2018.
             Was an Initiate of Qazlal.
             Slain by a wight
             ... wielding a +3 battleaxe
              (5 damage)
             ... on level 2 of the Dungeon.
             The game lasted 00:05:18 (950 turns).

zishaf the Charmwright (Draconian Skald)             Turns: 950, Time: 00:05:18

Health: -3/30      AC:  5    Str: 14    XL:     3   Next: 46%
Magic:  14/15      EV: 12    Int: 13    God:    Qazlal [......]
Gold:   124        SH:  0    Dex: 10    Spells: 5/6 levels left

rFire    . . .     SeeInvis .   a - +0 falchion
rCold    . . .     Gourm    .   (no shield)
rNeg     . . .     Faith    .   (armour unavailable)
rPois    .         Spirit   .   (helmet restricted)
rElec    .         Reflect  .   (no cloak)
rCorr    .         Harm     .   (no gloves)
MR       .....                  (no boots)
Stlth    +.........             (no amulet)
HPRegen  0.10/turn              h - ring of magical power
MPRegen  0.14/turn              (no ring)

@: infused, drained
A: unfitting armour, cold-blooded, AC +5
a: Renounce Religion


You were on level 2 of the Dungeon.
You worshipped Qazlal.
Qazlal was noncommittal.
You were not hungry.

You visited 1 branch of the dungeon, and saw 2 of its levels.

You collected 124 gold pieces.

Inventory:

Hand Weapons
 a - a +0 falchion (weapon)
Jewellery
 h - a ring of magical power (left hand)
Scrolls
 e - a scroll of remove curse {unknown}
 g - 2 scrolls of identify
 i - a scroll of enchant weapon
Potions
 d - a potion of lignification {unknown}
 j - 2 potions of heal wounds {unknown}
 k - a potion of berserk rage {unknown}
Books
 b - a book of Battle

   Spells                             Type                      Level
   a - Infusion                       Charms                       1
   b - Shroud of Golubria             Charms/Translocation         2
   c - Song of Slaying                Charms                       2
   d - Spectral Weapon                Hexes/Charms                 3
   e - Regeneration                   Charms/Necromancy            3
Comestibles
 c - a ration
 f - 5 chunks of flesh


   Skills:
 + Level 2.7(2.0) Fighting
 * Level 2.8(2.1) Long Blades
 - Level 2.2(1.5) Dodging
 + Level 2.3(1.6) Spellcasting
 + Level 3.0(2.3) Charms


You had 5 spell levels left.
You knew the following spells:

 Your Spells              Type           Power        Failure   Level  Hunger
a - Infusion              Chrm           #...         10%         1    ##.....


Dungeon Overview and Level Annotations

Branches:
Dungeon (2/15)

Altars:
Cheibriados
Dithmenos
Elyvilon
Qazlal


Innate Abilities, Weirdness & Mutations

Your plain brown scales are hard. (AC +5)
You cannot fit into any form of body armour.
You are cold-blooded and may be slowed by cold attacks.


Message History

The wight is moderately damaged.
Okay, then.
You hit the wight but do no damage.
The wight is moderately damaged.
The wight closely misses you.
You riposte.
You hit the wight.
The wight is heavily damaged.
You hit the wight.
Your tail-slap misses the wight.
The wight is heavily damaged.
The wight hits you with an enchanted battleaxe!
You feel drained.
You barely miss the wight.
The wight is heavily damaged.
The wight hits you with an enchanted battleaxe!
* * * LOW HITPOINT WARNING * * *
You feel drained.
* * * LOW HITPOINT WARNING * * *
You barely miss the wight.
The wight is heavily damaged.
The wight hits you with an enchanted battleaxe.
You die...

8.8.# ###.##### ...##
..% .# #### #.. .#
#... ## .# ... .#
#.###.######
#..#.......
###########...###.###
............[.(z@...#
#################.#.##
.....###### #.#.>#
####......#######....#
######............#
############.....
###.. #


You could see a wight.

Vanquished Creatures
  An adder (D:2)
  3 dart slugs
  4 goblins
  3 hobgoblins
  3 jackals (D:2)
  6 kobolds (D:1)
  5 bats
  A frilled lizard (D:2)
  4 rats
  A fungus (D:1)
31 creatures vanquished.

Notes
Turn   | Place    | Note
-------+----------+-------------------------------------------
     0 | D:1      | zishaf the Draconian Skald began the quest for the Orb.
     0 | D:1      | Reached XP level 1. HP: 17/17 MP: 3/3
   126 | D:1      | Reached XP level 2. HP: 16/25 MP: 5/5
   740 | D:2      | Found a shadowy altar of Dithmenos.
   757 | D:2      | Found a white marble altar of Elyvilon.
   766 | D:2      | Found a snail-covered altar of Cheibriados.
   767 | D:2      | Reached XP level 3. HP: 30/30 MP: 6/6
   784 | D:2      | Found a stormy altar of Qazlal.
   793 | D:2      | Became a worshipper of Qazlal Stormbringer
   811 | D:2      | Reached skill level 3 in Charms
   950 | D:2      | Slain by a wight

Skill      XL: |  1  2  3 |
---------------+----------+-----
Charms         | 3 |  3.0
Fighting       | |  2.7
Long Blades    | |  2.8
Dodging        | |  2.2
Spellcasting   | |  2.3

Action                   || total
-------------------------++-------
Melee: Falchion          ||   113
       Tailslap          ||    10
 Cast: Infusion          ||     2
  Use: Scroll            ||     4
       Potion            ||     1
 Stab: Sleeping          ||     1
Armor: Skin              ||    30
Dodge: Dodged            ||    66
       Rpst.: Falchion   ||    18
